 Dungeon Crawl Stone Soup version 0.32-a0-961-gd60f5e5fc7 (webtiles) character file.

Game seed: 12292668895331074015

1567699 ragingrage the Formicid Blade (level 27, 208/208 (214) HPs)
             Began as a Formicid Warper on Apr 17, 2024.
             Was an Initiate of Gozag.
             Escaped with the Orb
             ... and 3 runes on Apr 18, 2024!
             The game lasted 02:15:52 (77678 turns).

ragingrage the Formicid Blade (Formicid Warper)    Turns: 77678, Time: 02:15:54

HP:   208/208 (214) AC: 42    Str: 20    XL:     27
MP:   27/27         EV: 11    Int: 21    God:    Gozag
Gold: 5648          SH: 30    Dex: 24    Spells: 11/32 levels left

rFire   + + .        b - +9 great sword (drain)
rCold   + + +        Y - +6 tower shield {AC+3}
rNeg    + . .        h - +8 gold dragon scales
rPois   +            (helmet unavailable)
rElec   +            T - +2 cloak
rCorr   +            x - +0 pair of fencer's gloves {Riposte Dex+3}
SInv    +            t - +2 pair of boots
Will    ++...        B - amulet of regeneration Stlth
                     P - ring "Guho" {rF+ rC+ rN+ Int+4}
HPRegen 1.34/turn    w - ring "Ufesirer" {rElec rC++ rCorr Str+6}
MPRegen 0.20/turn

%: no passive effects
@: studying Fighting, lightly drained, bribing [the Dungeon, the Realm of Zot,
the Depths]
A: permanent stasis, dig shafts and tunnels, antennae 3, four strong arms,
hooves 1, clumsy 1, deterioration 1, frail 1, poison resistance, weak 1,
inability to read after injury 1
0: Orb of Zot
}: 3/15 runes: decaying, serpentine, slimy
a: Dig, Shaft Self, Renounce Religion, Potion Petition, Call Merchant, Bribe
Branch


You escaped.
You worshipped Gozag.
Gozag was greatly pleased with you.
You visited 10 branches of the dungeon, and saw 52 of its levels.
You visited the Abyss 2 times.
You visited 1 bazaar.
You also visited: Bailey and Ice Cave.

You collected 28098 gold pieces.
You spent 1989 gold pieces at shops.
You paid 20461 gold pieces to Gozag.

Inventory:

Hand Weapons
 a - the +11 Singing Sword {sonic wave}
   (You found it on level 13 of the Dungeon)
 b - a +9 great sword of draining (weapon)
Missiles
 y - 7 curare-tipped darts
 W - a throwing net (quivered)
Armour
 h - +8 gold dragon scales (worn)
 t - a +2 pair of boots (worn)
 x - the +0 pair of fencer's gloves (worn) {Riposte Dex+3}
   (You found it on level 3 of the Elven Halls)

   Riposte:   It allows the wearer to riposte with melee weapons, swiftly
   retaliating against missed or blocked melee attacks.
   Dex+3:     It affects your dexterity (+3).
 T - a +2 cloak (worn)
 Y - a +6 tower shield of protection (worn)
Jewellery
 w - the ring "Ufesirer" (right hand) {rElec rC++ rCorr Str+6}
   (You acquired it on level 1 of the Vaults)

   [ring of strength]

   Str+6:     It affects your strength (+6).
   rC++:      It greatly protects you from cold.
   rElec:     It insulates you from electricity.
   rCorr:     It protects you from acid and corrosion.
 B - an amulet of regeneration (around neck)
 E - a +6 ring of dexterity
 P - the ring "Guho" (left hand) {rF+ rC+ rN+ Int+4}
   (You acquired it on level 3 of the Elven Halls)

   [ring of protection from cold]

   Int+4:     It affects your intelligence (+4).
   rF+:       It protects you from fire.
   rC+:       It protects you from cold.
   rN+:       It protects you from negative energy.
Wands
 c - a wand of digging (24)
 d - a wand of iceblast (32)
 o - a wand of mindburst (11)
 r - a wand of flame (59)
 u - a wand of paralysis (60)
 J - a wand of quicksilver (5)
 V - a wand of polymorph (12)
Scrolls
 e - 4 scrolls of enchant weapon
 g - 8 scrolls of poison
 j - 5 scrolls of vulnerability
 l - 10 scrolls of noise
 m - 10 scrolls of fear
 p - 4 scrolls of immolation
 s - a scroll of revelation
 z - 3 scrolls of torment
 D - 4 scrolls of silence
 G - 11 scrolls of fog
 K - a scroll of amnesia
 R - 3 scrolls of brand weapon
 U - a scroll of summoning
Potions
 i - 4 potions of enlightenment
 k - 10 potions of might
 n - a potion of resistance
 q - 3 potions of ambrosia
 v - 17 potions of heal wounds
 A - a potion of mutation
 C - 15 potions of curing
 F - 8 potions of magic
 L - 3 potions of invisibility
 M - 2 potions of lignification
 O - 11 potions of attraction
 S - 5 potions of brilliance
 Z - 2 potions of cancellation
Miscellaneous
 f - a phantom mirror
 H - a box of beasts
 I - a condenser vane
 N - a lightning rod (4/4)
 X - a phial of floods


   Skills:
 - Level 24.0 Fighting
 - Level 10.6(18.9) Short Blades
 - Level 24.3(25.0) Long Blades
 - Level 10.0 Throwing
 + Level 19.1 Armour
 - Level 16.0 Dodging
 - Level 13.0 Stealth
 - Level 21.1 Shields
 - Level 3.0 Spellcasting
 - Level 0.2 Conjurations
 - Level 8.0 Hexes
 - Level 10.0 Necromancy
 - Level 2.6 Translocations
 - Level 0.3 Fire Magic
 - Level 8.0 Earth Magic
 - Level 15.0 Evocations


You had 11 spell levels left.
You knew the following spells:

 Your Spells              Type           Power      Damage    Failure   Level
a - Fugue of the Fallen   Necr           45%        N/A       32%         3
c - Apportation           Tloc           28%        N/A       92%         1
d - Death Channel         Necr           22%        N/A       100%        6
e - Confusing Touch       Hex            36%        N/A       58%         3
f - Passwall              Erth           36%        N/A       58%         3
g - Borgnjor's Vile Clut  Necr/Erth      20%        N/A       99%         5

Your spell library contained the following spells:

 Spells                   Type           Power      Damage    Failure   Level
 Necrotise                Necr           100%       1d9       11%         1
 Sublimation of Blood     Necr           45%        N/A       17%         2
 Sandblast                Erth           72%        2d16      26%         1
 Slow                     Hex            100%       N/A       26%         1
 Vampiric Draining        Necr           45%        2d9       32%         3
 Jinxbite                 Hex            72%        N/A       36%         2
 Sigil of Binding         Hex            36%        N/A       58%         3
 Anguish                  Hex/Necr       20%        N/A       86%         4
 Ensorcelled Hibernation  Hex/Ice        38%        N/A       89%         2
 Cause Fear               Hex            18%        N/A       94%         4
 Cigotuvi's Dreadful Rot  Necr/Alch/Air  34%        N/A       95%         2
 Curse of Agony           Necr           45%        N/A       97%         5
 Lesser Beckoning         Tloc           28%        N/A       98%         2
 Dazzling Flash           Conj/Hex       40%        N/A       98%         3
 Inner Flame              Hex/Fire       20%        N/A       98%         3
 Stone Arrow              Conj/Erth      40%        3d9       98%         3
 Foxfire                  Conj/Fire      16%        2x1d4     99%         1
 Freeze                   Ice            12%        1d3       100%        1
 Shock                    Conj/Air       12%        1d3       100%        1
 Sting                    Conj/Alch      12%        1d3       100%        1
 Summon Small Mammal      Summ           12%        N/A       100%        1
 Call Imp                 Summ           6%         N/A       100%        2
 Mercury Vapours          Alch/Air       6%         N/A       100%        2
 Static Discharge         Conj/Air       6%         3-4/arc   100%        2
 Frozen Ramparts          Ice            6%         1d1       100%        3
 Hailstorm                Conj/Ice       3%         3d5       100%        3
 Mephitic Cloud           Conj/Alch/Air  3%         N/A       100%        3
 Summon Ice Beast         Ice/Summ       3%         N/A       100%        3
 Teleport Other           Tloc           14%        N/A       100%        3
 Volatile Blastmotes      Fire/Tloc      18%        2d11      100%        3
 Airstrike                Air            1%         2d(1-17)  100%        4
 Flame Wave               Conj/Fire      4%         2d5       100%        4
 Fulminant Prism          Conj/Alch      1%         3d5       100%        4
 Ignite Poison            Fire/Alch      3%         N/A       100%        4
 Iskenderun's Mystic Bla Conj/Tloc 9%             2d4        (+2d1     100%        4
 Martyr's Knell           Necr/Summ      24%        N/A       100%        4
 Petrify                  Alch/Erth      19%        N/A       100%        4
 Sticky Flame             Fire/Alch      3%         2d4       100%        4
 Summon Blazeheart Golem  Fire/Summ      3%         N/A       100%        4
 Summon Lightning Spire   Summ/Air       3%         N/A       100%        4
 Alistair's Intoxication  Alch           2%         N/A       100%        5
 Freezing Cloud           Conj/Ice/Air   1%         6-21      100%        5
 Irradiate                Conj/Alch      1%         3d12      100%        5
 Iskenderun's Battlesphe  Conj           4%         2d6       100%        5
 Metabolic Englaciation   Hex/Ice        9%         N/A       100%        5
 Summon Forest            Summ/Tloc      4%         N/A       100%        5
 Yara's Violent Unravell  Hex/Alch       9%         3d6       100%        5
 Bombard                  Conj/Erth      10%        9d2       100%        6
 Conjure Ball Lightning   Conj/Air       1%         3x3d6     100%        6
 Eringya's Noxious Bog    Alch           1%         4d6       100%        6
 Permafrost Eruption      Ice/Erth       9%         2x4d3     100%        6
 Plasma Beam              Fire/Air       1%         2x1d11    100%        6
 Starburst                Conj/Fire      2%         6d3       100%        6
 Enfeeble                 Hex            18%        N/A       100%        7
 Orb of Destruction       Conj           2%         9d5       100%        7
 Ozocubu's Refrigeration  Ice            1%         4d7       100%        7
 Rimeblight               Ice/Necr       12%        2d4       (prima100%   7
 Spellforged Servitor     Conj/Summ      1%         N/A       100%        7
 Summon Hydra             Summ           1%         N/A       100%        7
 Fulsome Fusillade        Conj/Alch      1%         (3-5)d4   100%        8
 Ignition                 Fire           2%         3d3       100%        8
 Infestation              Necr           22%        N/A       100%        8
 Chain Lightning          Conj/Air       1%         3d2       100%        9
 Animate Dead             Necr           Unusable   N/A       N/A         4
 Blink                    Tloc           Unusable   N/A       N/A         2
 Maxwell's Portable Pile  Tloc           Unusable   2d(6-17)  N/A         3
 Swiftness                Air            Unusable   N/A       N/A         3
 Vhi's Electric Charge    Tloc/Air       Unusable   N/A       N/A         4

Dungeon Overview and Level Annotations

Branches:
Dungeon (15/15)            Temple (0/1) D:7            Lair (5/5) D:8
  Swamp (4/4) Lair:2        Snake (4/4) Lair:3        Slime (5/5) Lair:4
    Orc (2/2) D:12            Elf (3/3) Orc:2        Vaults (4/5) D:14
  Crypt (0/3) Vaults:3     Depths (4/4) D:15            Zot (5/5) Depths:4
 Bailey (visited)           IceCv (visited)

Altars:
Ashenzari
Cheibriados
Gozag
Kikubaaqudgha
Makhleb
Okawaru
Qazlal
Ru
Sif Muna
Trog
Uskayaw
Wu Jian
Xom
Yredelemnul
Zin
The Shining One

Shops:
D:8 =   D:15 =   Orc:2 (!:(   Elf:1 (   Elf:2 (   Snake:4 [?   Depths:2 :=:

Portals:
Hell: Depths:1 Depths:2 Depths:3 Depths:4
Abyss: Depths:3 Depths:4
Pandemonium: Depths:1 Depths:2 Depths:3 Depths:4
Trove: Elf:1 (give 7 scrolls of fear)

Annotations:
D:10 2 transporters, Drazool's ghost, novice GnWn
Lair:4 exclusion: downstairs
Lair:5 2 exclusions
Snake:2 exclusion: downstairs
Slime:1 exclusion: downstairs
Elf:3 3 runed translucent doors, AutarchDCSS's ghost, adept DjEE; MrSquiggles's ghost, adept DECj
Depths:1 exclusions: glass eye, great orb of eyes, ice statue and 2 more exclusions
Depths:2 3 runed translucent doors, Cein's ghost, veteran DgCj
Depths:4 exclusion: reaper
Zot:4 exclusions: upstairs and 4 more exclusions


Innate Abilities, Weirdness & Mutations

You cannot be hasted, slowed, berserked, paralysed or teleported.
You can dig through walls and to a lower floor.
You have a pair of large antennae on your head. (SInv)
Your four strong arms can wield two-handed weapons with a shield.
You have large cloven feet.
You are clumsy. (Dex -2)
Your body sometimes deteriorates upon taking damage.
You are frail. (-10% HP)
Your system is resistant to poisons. (rPois)
You are weak. (Str -2)
You occasionally lose the ability to read scrolls when taking damage.


Message History

You hear a grinding noise.
There is a stone staircase leading up here.
You hear a grinding noise.
You climb upwards.
There is a stone staircase leading down here.
(D) Dungeon (T) Temple (L) Lair (S) Swamp (P) Snake Pit (M) Slime Pits (O) Orcish Mines (E) Elven Halls (V) Vaults (C) Crypt (U) Depths (H) Hell (Z) Zot
Where to? (Tab/Enter - D:1 @ (x,y), ? - help)
What level of the Dungeon? (default 1, ? - help)
You see here a +0 mace.
Items here: )) [[ ÷÷.
Your Executioner is no longer moving quickly.
There is a stone staircase leading up here.
You climb upwards.
There is a stone staircase leading down here.
Things that are here:
the felid skeleton of Natasha; an adder skeleton
There is a stone staircase leading up here.
You climb upwards.
There is a stone staircase leading down here.
There is a stone staircase leading up here.
You climb upwards.
There is a stone staircase leading down here.
(D) Dungeon (T) Temple (L) Lair (S) Swamp (P) Snake Pit (M) Slime Pits (O) Orcish Mines (E) Elven Halls (V) Vaults (C) Crypt (U) Depths (H) Hell (Z) Zot
Where to? (Tab/Enter - D:1, ? - help)
What level of the Dungeon? (default 1, ? - help)
There is an open door here.
There is a staircase leading out of the dungeon here.
(D) Dungeon (T) Temple (L) Lair (S) Swamp (P) Snake Pit (M) Slime Pits (O) Orcish Mines (E) Elven Halls (V) Vaults (C) Crypt (U) Depths (H) Hell (Z) Zot
Where to? (Tab/Enter - D:1 @ (x,y), ? - help) You're already here!
You have escaped!

.# #.........##...#.#
.# #..........##..#.#
.# #...........#..#.#
.# #.........ß.#..#.#
####...........#..#.#
...+..........##..#.#
####.........##...#.#
######+###...#....#.#
.............'.1@.'.#
.#####...##..#....###
.##.......#..##...#
.##.....>.#...##..#
.##.......#....#..#
.##.......#..ß.#..#
###.......#....#..#
#.......#...##..#
#.......#..##...#


You could see a friendly Executioner.

Vanquished Creatures
  the Royal Jelly (Slime:5)
  5 dread liches
  An orb of fire (Zot:1)
  An ancient lich (Depths:3)
  Mara (Swamp:4)
  A juggernaut (Depths:3)
  Parghit (Zot:4)
  Vashnia (Snake:3)
  Bai Suzhen (Swamp:4)
  3 caustic shrikes (Depths:4)
  4 golden dragons
  The ghost of Qecvurom the Warrior, an adept DrRe of Fedhas (Vaults:3)
  2 bone dragons
  Norris (Vaults:4)
  An iron giant (shapeshifter) (Zot:3)
  An electric golem (Zot:5)
  The ghost of Qoas the Severer, an adept GnCA of Ignis (Vaults:3)
  3 doom hounds (Zot:2)
  A hellephant (Depths:4)
  Jorgrun (Elf:1)
  Mlioglotl (Swamp:3)
  8 tentacled monstrosities
  Grunn (Zot:2)
  An Ice Fiend (Depths:1)
  3 liches
  6 quicksilver dragons
  8 Orb Guardians (Zot:5)
  3 deep elf master archers (Elf:3)
  4 deep elf blademasters
  5 sphinxes
  17 acid blobs
  4 tentacled starspawn
  The ghost of Zumnang the Bewitcher, an adept KoEn of Dithmenos (Vaults:3)
  4 ancient champions (Depths:3)
  6 death cobs
  2 tengu reavers
  Agnes (Elf:2)
  Frances (Orc:2)
  6 shadow dragons
  Roxanne (Swamp:2)
  12 storm dragons
  13 azure jellies
  Aizul (Elf:2)
  2 draconian monks
  Donald (Elf:1)
  8 protean progenitors
  6 draconian knights
  3 fire giants
  18 rockslimes
  2 iron dragons (Depths:3)
  6 deep elf elementalists (Elf:3)
  9 deep elf sorcerers
  7 draconian shifters
  6 vault wardens
  3 frost giants
  Louise (Swamp:2)
  5 draconian scorchers
  A quicksilver dragon (shapeshifter) (Zot:3)
  2 ghost moths
  3 draconian stormcallers
  4 draconian annihilators
  2 reapers
  22 ironbound preservers
  10 quicksilver oozes
  10 formless jellyfish
  29 very ugly things
  14 stone giants
  An orc warlord (Vaults:3)
  A juggernaut skeleton (Depths:2)
  A very ugly thing (shapeshifter) (Zot:3)
  9 ironbound thunderhulks
  4 green draconians
  2 spriggan defenders
  A vampire knight (Depths:3)
  The ghost of Lurir the Spry, a journeyman KoHu of Okawaru (Elf:1)
  6 deep elf demonologists
  Azrael (Elf:1)
  2 eleionomae
  9 black draconians
  7 purple draconians
  6 white draconians
  11 deep elf annihilators
  3 yellow draconians
  6 bunyips
  6 deep elf death magi (Elf:3)
  An eidolon (Abyss:4)
  6 spark wasps
  15 dire elephants
  A minotaur (shapeshifter) (Zot:3)
  Snorg (Orc:2)
  6 ettins
  9 red draconians
  3 fire dragons
  2 green deaths
  3 entropy weavers
  Josephine (Lair:4)
  8 deep elf high priests (Elf:3)
  A merfolk javelineer (Depths:2)
  10 salamander tyrants
  2 shambling mangroves (Swamp:4)
  14 great orbs of eyes
  17 hydras
  5 yaktaur captains
  32 vault guards
  12 ice dragons
  4 spriggan air magi
  4 rakshasas
  10 ironbound frosthearts
  A quicksilver dragon skeleton (Depths:2)
  A sphinx zombie (Vaults:2)
  9 alligators
  5 ghost crabs
  4 boulder beetles (D:14)
  18 centaur warriors
  11 death yaks
  29 dancing weapons
  A two-headed ogre (D:12)
  5 deep troll earth magi
  5 anacondas
  4 tengu warriors (Depths:3)
  2 death knights
  A deep troll shaman (Depths:3)
  3 spriggan berserkers
  2 satyrs (Zot:1)
  An occultist (D:13)
  23 naga sharpshooters
  16 naga warriors
  3 soul eaters
  4 hell hogs
  A thrashing horror (Abyss:2)
  A vampire mage (Depths:4)
  A sun demon (Depths:2)
  A titan zombie (Depths:2)
  3 shock serpents (Snake:4)
  6 skysharks
  5 orc high priests
  22 spriggans
  15 deep elf knights
  12 salamander mystics
  5 wretched stars
  A sea snake (Snake:3)
  2 golden dragon zombies (Depths:3)
  2 iron trolls (Depths:3)
  8 goliath frogs
  10 deep elf archers
  A skeletal warrior (D:11)
  8 glowing orange brains
  8 mana vipers
  12 swamp dragons
  3 spriggan druids (Swamp:1)
  54 deep trolls
  10 bog bodies
  2 thermic dynamos
  A phantasmal warrior (Vaults:4)
  7 arcanists
  9 lindwurms
  35 deep elf pyromancers
  4 naga ritualists
  6 harpies
  11 ironbound convokers
  Pikel (D:7)
  6 orc knights
  3 necromancers
  38 ugly things
  30 deep elf zephyrmancers
  An obsidian bat (Orc:2)
  A fire giant zombie (Depths:2)
  A shadow dragon skeleton (Depths:2)
  2 manticores
  7 shining eyes
  A wolf spider (D:11)
  7 cyclopes
  42 salamanders
  5 orc sorcerers
  An iron dragon skeleton (Depths:2)
  13 large abominations
  26 moths of wrath
  2 frost giant skeletons (Depths:2)
  A salamander (shapeshifter) (D:14)
  3 tengu skeletons (Depths:2)
  2 meliai (shapeshifter)
  3 will-o-the-wisps
  A faun (shapeshifter) (Elf:3)
  41 elephants
  A stone giant skeleton (Vaults:2)
  34 black mambas
  12 vault sentinels
  10 guardian serpents
  21 naga magi
  3 apocalypse crabs (Abyss:2)
  A kobold blastminer (Orc:1)
  2 eyes of devastation (Slime:5)
  An ice statue (IceCv)
  2 rust devils
  A storm dragon simulacrum (Depths:3)
  3 torpor snails
  12 cane toads
  4 smoke demons
  An efreet (D:14)
  3 rime drakes
  A tengu conjurer (Depths:3)
  5 ancient zymes
  4 freezing wraiths
  26 yaktaurs
  A kobold demonologist (D:12)
  A tormentor (Abyss:4)
  10 komodo dragons
  2 anaconda simulacra (IceCv)
  An ice devil (IceCv)
  A harpy zombie (Abyss:2)
  9 trolls
  A troll (shapeshifter) (D:14)
  11 polar bears
  8 tyrant leeches
  A jumping spider (Vaults:2)
  29 hornets
  7 raiju
  Prince Ribbit (D:7)
  A tarantella (Vaults:2)
  A blink frog (Abyss:2)
  4 glass eyes
  3 air elementals
  A culicivora (Vaults:1)
  8 water elementals
  96 slime creatures
  2 shadows
  5 ynoxinuls
  4 wraiths
  7 wyverns
  49 yaks
  9 basilisks
  2 neqoxecs (Abyss:4)
  A yak (shapeshifter) (D:14)
  28 golden eyes
  A steam dragon (D:7)
  7 wargs
  9 fire elementals
  A fire bat (Abyss:2)
  Menkaure (D:5)
  6 redbacks
  19 vampire mosquitoes
  3 death yak simulacra (IceCv)
  A harpy simulacrum (IceCv)
  16 swamp worms
  45 nagas
  18 hell hounds
  A glowing shapeshifter zombie (Depths:2)
  9 water moccasins
  4 acid dragons
  2 glowing shapeshifter skeletons (Depths:2)
  3 hydra simulacra (IceCv)
  10 swamp drakes
  30 orc warriors
  3 ice beasts
  A sky beast (D:5)
  16 black bears
  2 laughing skulls (D:13)
  8 ogres
  9 small abominations
  4 boggarts (Vaults:1)
  23 centaurs
  9 starcursed masses
  31 wolves
  2 phantoms
  6 kobold brigands
  2 brain worms (Abyss:2)
  A human zombie (Vaults:2)
  A weeping skull (D:8)
  3 earth elementals
  15 bullfrogs
  A human skeleton (Vaults:2)
  3 cane toad simulacra (IceCv)
  2 two-headed ogre simulacra (IceCv)
  2 scorpions (D:5)
  4 elephant simulacra (IceCv)
  15 killer bees
  A howler monkey (D:10)
  10 electric eels
  A lava snake (D:9)
  3 crimson imps (D:8)
  3 hounds (D:5)
  A jelly (D:2)
  32 orc priests
  An iron imp (Abyss:2)
  4 gnoll boudas
  Ijyb (D:4)
  17 iguanas
  2 sleepcaps
  Natasha (thrice) (D:3)
  34 orc wizards
  6 troll simulacra (IceCv)
  3 spriggan simulacra (IceCv)
  A wolf simulacrum (IceCv)
  Robin (D:2)
  20 gnolls
  14 adders
  4 naga simulacra (IceCv)
  9 white imps
  5 ufetubi (IceCv)
  A dart slug (D:1)
  2 ribbon worms (D:2)
  76 orcs
  9 endoplasms
  A giant cockroach (D:2)
  11 hobgoblins
  3 jackals (D:4)
  5 quokkas
  7 ball pythons
  7 bats
  14 frilled lizards
  29 goblins
  38 kobolds
  3 rats
  A spectral orc (D:8)
  A lurking horror (Abyss:2)
  A spectral weapon (Depths:3)
  4 starspawn tentacles
2400 creatures vanquished.

Vanquished Creatures (collateral kills)
  A Killer Klown (Zot:5)
  An electric golem (Zot:5)
  A pandemonium lord (Zot:1)
  5 Orb Guardians (Zot:5)
  A red draconian (Zot:5)
  A soul eater (Zot:1)
  2 sixfirhies (D:5)
  A rust devil (Zot:1)
  An orange demon (D:5)
  A crimson imp (D:8)
  A hound (D:5)
  4 foxfires (D:2)
20 creatures vanquished.

Vanquished Creatures (others)
  A dread lich (Zot:5)
  An ancient lich (Zot:5)
  An orb of fire (Zot:5)
  A Killer Klown (Zot:5)
  5 Orb Guardians
  A death cob (Zot:5)
  A storm dragon (Zot:5)
  A purple draconian (Zot:5)
  A red draconian (Zot:5)
  3 hydras (Swamp:4)
  A centaur warrior (Vaults:2)
  A deep elf knight (Elf:2)
  A deep elf archer (Elf:1)
  A goliath frog (Swamp:4)
  A moth of wrath (Zot:5)
  An air elemental (Elf:2)
  A swamp worm (Swamp:4)
  A hell hound (Elf:1)
  A swamp drake (Swamp:4)
  A small abomination (Abyss:4)
  An orc wizard (Orc:2)
  53 foxfires
  7 starspawn tentacles (Abyss:4)
87 creatures vanquished.

Grand Total: 2507 creatures vanquished

Notes
Turn   | Place    | Note
-------+----------+-------------------------------------------
     0 | D:1      | ragingrage the Formicid Warper began the quest for the Orb.
     0 | D:1      | Reached XP level 1. HP: 16/16 MP: 3/3
   143 | D:1      | Reached skill level 1 in Stealth
   243 | D:1      | Reached XP level 2. HP: 21/22 MP: 5/5
   760 | D:1      | Found a faded altar of an unknown god.
  1630 | D:2      | Reached XP level 3. HP: 27/27 MP: 6/6
  1667 | D:2      | Learned a level 1 spell: Foxfire
  1892 | D:2      | Noticed Robin
  2184 | D:2      | Reached XP level 4. HP: 33/33 MP: 1/7
  3091 | D:3      | Reached XP level 5. HP: 22/38 MP: 8/8
  3203 | D:3      | Noticed Natasha
  3234 | D:3      | Killed Natasha
  3393 | D:3      | Noticed a phantom
  3424 | D:3      | Killed a phantom
  3425 | D:3      | Reached XP level 6. HP: 14/44 MP: 9/9
  3567 | D:3      | Found a glowing golden altar of the Shining One.
  3709 | D:3      | Found a transporter.
  3726 | D:3      | Found a transporter.
  3837 | D:3      | Found a broken altar of Ashenzari.
  3930 | D:3      | Noticed Natasha
  3937 | D:3      | Killed Natasha
  4047 | D:3      | Reached skill level 5 in Short Blades
  4213 | D:3      | Reached XP level 7. HP: 50/50 MP: 10/10
  4235 | D:3      | Noticed Natasha
  4246 | D:3      | Killed Natasha
  4548 | D:4      | Learned a level 3 spell: Confusing Touch
  5003 | D:4      | Found a burning altar of Makhleb.
  5113 | D:4      | Noticed Ijyb
  5181 | D:4      | Killed Ijyb
  5182 | D:4      | Reached skill level 1 in Hexes
  5457 | D:5      | Entered Level 5 of the Dungeon
  5519 | D:5      | Noticed a troll
  5532 | D:5      | Killed a troll
  5533 | D:5      | Reached XP level 8. HP: 40/56 MP: 8/11
  5796 | D:5      | Reached skill level 5 in Hexes
  5890 | D:5      | Noticed Menkaure
  5894 | D:5      | Killed Menkaure
  5961 | D:5      | Reached XP level 9. HP: 47/61 MP: 9/12
  6102 | D:5      | Found a stormy altar of Qazlal.
  6391 | D:5      | Found an opulent altar of Gozag.
  6527 | D:5      | Became a worshipper of Gozag Ym Sagoz the Greedy
  6682 | D:6      | Found a sacrificial altar of Ru.
  6733 | D:6      | Reached skill level 1 in Evocations
  6997 | D:6      | Found a bloodstained altar of Trog.
  7242 | D:6      | Reached skill level 10 in Short Blades
  7315 | D:6      | Found an ornate altar of the Wu Jian Council.
  7390 | D:6      | Found a snail-covered altar of Cheibriados.
  8579 | D:7      | Reached XP level 10. HP: 71/71 MP: 13/13
  8584 | D:7      | Found a staircase to the Ecumenical Temple.
  8585 | D:7      | Noticed Prince Ribbit
  8617 | D:7      | Killed Prince Ribbit
  9162 | D:8      | Found Emanien's Jewellery Shop.
  9173 | D:8      | Found a flagged portal.
  9205 | Bailey   | Entered a bailey
  9564 | Bailey   | Reached skill level 5 in Stealth
  9654 | Bailey   | Reached skill level 5 in Fighting
  9746 | Bailey   | Acquired the +10 short sword of Destruction {drain, rC-
                  | rCorr Dex+6 Stlth+}
  9796 | Bailey   | Found an iron altar of Okawaru.
  9796 | Bailey   | Noticed an orc sorcerer
  9796 | Bailey   | Noticed an orc high priest
  9815 | Bailey   | Killed an orc sorcerer
  9818 | Bailey   | Noticed a rust devil
  9820 | Bailey   | Killed an orc high priest
  9876 | Bailey   | Identified the +5 halberd of Pusora {heavy, rF- MP+9 Str+3
                  | Dex+7}
  9958 | Bailey   | Identified the +1 pair of gloves of the Moon {Int+2}
 10212 | Bailey   | Learned a level 1 spell: Apportation
 10341 | D:8      | Bought an amulet of regeneration for 360 gold pieces
 10393 | D:8      | Found a staircase to the Lair.
 10452 | D:8      | Reached skill level 5 in Evocations
 10486 | D:8      | Reached XP level 11. HP: 72/81 MP: 14/14
 10618 | D:8      | Found a shimmering blue altar of Sif Muna.
 10771 | D:8      | Found an iron altar of Okawaru.
 10806 | D:8      | Found a shimmering altar of Xom.
 10945 | D:8      | Found a basalt altar of Yredelemnul.
 11229 | D:9      | Reached skill level 5 in Dodging
 11757 | D:9      | Reached skill level 10 in Fighting
 12026 | D:10     | Entered Level 10 of the Dungeon
 12056 | D:10     | Found a transporter.
 12056 | D:10     | Found a transporter.
 12057 | D:10     | Noticed a two-headed ogre
 12057 | D:10     | Noticed a moth of wrath
 12070 | D:10     | Noticed a tengu warrior
 12072 | D:10     | Found a bloodstained altar of Trog.
 12076 | D:10     | Noticed Drazool's ghost (novice GnWn)
 12180 | D:10     | Found a glowing silver altar of Zin.
 12434 | D:10     | Reached XP level 12. HP: 87/98 MP: 15/15
 12668 | D:10     | Found a hide-covered altar of Uskayaw.
 13142 | D:11     | Noticed a death knight
 13179 | D:11     | Killed a death knight
 13296 | D:11     | Reached skill level 5 in Armour
 13945 | D:11     | Noticed a skeletal warrior
 14033 | Lair:1   | Entered Level 1 of the Lair of Beasts
 14373 | Lair:1   | Reached XP level 13. HP: 108/108 MP: 16/16
 16676 | Lair:3   | Reached skill level 10 in Armour
 16782 | Lair:3   | Reached skill level 10 in Dodging
 16797 | Lair:3   | Reached XP level 14. HP: 115/115 MP: 17/17
 17193 | Lair:3   | Found a staircase to the Snake Pit.
 17418 | Lair:4   | Found a staircase to the Slime Pits.
 17535 | Lair:4   | Identified the +2 leather armour of the Elven Halls
                  | {Rampage}
 17564 | Lair:4   | Found a glowing silver altar of Zin.
 18008 | Lair:4   | Identified the +0 quarterstaff of Oozing Pus {drain, Fly
                  | rElec Int+2}
 18113 | Lair:5   | Entered Level 5 of the Lair of Beasts
 18226 | Lair:5   | Reached skill level 10 in Stealth
 18283 | Lair:4   | Reached skill level 1 in Necromancy
 18442 | Lair:5   | Noticed Nessos
 18443 | Lair:5   | Nessos changed into Nessos the yaktaur
 18443 | Lair:5   | Noticed Nessos
 18520 | Lair:5   | Killed Nessos the yaktaur
 18701 | Lair:5   | Noticed Josephine
 18884 | Lair:4   | Killed Josephine
 19042 | Lair:5   | Identified the ring "Zischaffo" {rC++ Str+6 Int+3}
 19124 | Lair:5   | Reached XP level 15. HP: 112/122 MP: 18/18
 19593 | Lair:5   | Reached skill level 5 in Necromancy
 20902 | D:12     | Noticed Sonja
 20983 | D:12     | Found a staircase to the Orcish Mines.
 21027 | D:12     | Sonja changed into Sonja the golden eye
 21027 | D:12     | Noticed Sonja
 21031 | D:12     | Killed Sonja the golden eye
 21364 | Orc:1    | Entered Level 1 of the Orcish Mines
 21382 | Orc:1    | Learned a level 3 spell: Fugue of the Fallen
 21389 | Orc:1    | Learned a level 6 spell: Death Channel
 21867 | Orc:2    | Entered Level 2 of the Orcish Mines
 22268 | Orc:2    | Found a frozen archway.
 22296 | IceCv    | Entered an ice cave
 23273 | IceCv    | Got the Commentary on the Tundra
 23281 | IceCv    | Noticed a reaper
 23331 | IceCv    | Killed a reaper
 23351 | IceCv    | Reached XP level 16. HP: 89/133 MP: 13/19
 23407 | IceCv    | Identified the +5 sling of Syel {drain, +Blink}
 23874 | Orc:2    | Noticed Snorg
 23896 | Orc:2    | Killed Snorg
 24070 | Orc:2    | Found a staircase to the Elven Halls.
 24562 | Orc:2    | Found Vuelycog's Book Shop.
 24562 | Orc:2    | Found Cigia's Antique Weapon Shop.
 24883 | Orc:2    | Found Fulouk's Distillery.
 24887 | Orc:2    | Found Iclisoph's Weapon Boutique.
 24890 | Orc:2    | Bought a manual of Fighting for 1200 gold pieces
 24892 | Orc:2    | Bought a potion of degeneration for 13 gold pieces
 24892 | Orc:2    | Bought a potion of heal wounds for 65 gold pieces
 24892 | Orc:2    | Bought a potion of heal wounds for 65 gold pieces
 24892 | Orc:2    | Bought a potion of heal wounds for 65 gold pieces
 24892 | Orc:2    | Bought a potion of heal wounds for 65 gold pieces
 25373 | D:13     | Found the +11 Singing Sword {sonic wave}
 25381 | D:13     | Identified the staff of Vanity {rF+ rN+ Necro}
 26119 | D:14     | Reached skill level 15 in Fighting
 26677 | D:14     | Reached skill level 5 in Long Blades
 26704 | D:14     | You fall into a shaft and drop 1 floor!
 26704 | D:15     | Entered Level 15 of the Dungeon
 26951 | D:14     | Found a gate to the Vaults.
 27154 | D:15     | Found a staircase to the Depths.
 27842 | D:15     | Found Zaimucka's Jewellery Shoppe.
 28327 | D:15     | Reached XP level 17. HP: 118/144 MP: 20/20
 28532 | Snake:1  | Entered Level 1 of the Snake Pit
 28953 | D:2      | Killed Robin
 29902 | D:7      | Noticed Pikel
 29913 | D:7      | Killed Pikel
 30531 | D:11     | Noticed a storm dragon
 30547 | D:11     | Killed a storm dragon
 30595 | D:11     | Identified the +3 scale mail of Daffodils {rElec rN+ Dex+3}
 30652 | D:11     | Noticed a sphinx
 30662 | D:11     | Killed a sphinx
 30729 | D:11     | Identified the +2 ring mail of Dieroxuaf {Will+ Stlth+}
 33881 | Snake:3  | Reached skill level 10 in Long Blades
 34291 | Snake:3  | Reached XP level 18. HP: 156/161 MP: 21/21
 35391 | Snake:3  | Reached skill level 1 in Shields
 36328 | Snake:3  | Noticed Vashnia
 36375 | Snake:3  | Killed Vashnia
 36481 | Snake:4  | Entered Level 4 of the Snake Pit
 36607 | Snake:4  | Found Ymupuf's Magic Scroll Boutique.
 36645 | Snake:4  | Reached skill level 5 in Shields
 36760 | Snake:4  | Found a flickering gateway to a bazaar.
 36778 | Bazaar   | Entered a bazaar
 36798 | Bazaar   | Found Mael's Book Shop.
 36818 | Bazaar   | Found Ohoiczix's Book Shop.
 36886 | Snake:4  | Identified the +4 trident of Togal {drain, rC- Str+3 Int+3}
 37121 | Snake:4  | Bought 2 scrolls of fog for 104 gold pieces
 37121 | Snake:4  | Bought a scroll of immolation for 52 gold pieces
 37957 | Snake:4  | Found Eplomos's Antique Armour Emporium.
 38210 | Snake:4  | Reached XP level 19. HP: 113/167 MP: 22/22
 38761 | Snake:4  | Got a serpentine rune of Zot
 39948 | Snake:4  | Found Ymupuf's Magic Scroll Boutique.
 40156 | Snake:4  | Found Eplomos's Antique Armour Emporium.
 40726 | Lair:2   | Found a staircase to the Swamp.
 40756 | Swamp:1  | Entered Level 1 of the Swamp
 41019 | Swamp:2  | Noticed Roxanne
 41033 | Swamp:2  | Killed Roxanne
 41034 | Swamp:2  | Reached skill level 10 in Shields
 41081 | Swamp:2  | Identified the +3 helmet of the Black Moon {Str+3 Slay+3}
 41127 | Swamp:2  | Noticed Louise
 41146 | Swamp:2  | Killed Louise
 41452 | Swamp:1  | Identified the +5 falchion of the Vase {pain, rN+ Will+}
 43072 | Swamp:3  | Noticed Mlioglotl
 43092 | Swamp:3  | Killed Mlioglotl
 43446 | Swamp:4  | Entered Level 4 of the Swamp
 43593 | Swamp:4  | Noticed Bai Suzhen
 43623 | Swamp:4  | Killed Bai Suzhen
 44067 | Swamp:4  | Noticed Mara
 44115 | Swamp:4  | Noticed ragingrage's illusion
 44154 | Swamp:4  | Killed Mara
 44263 | Swamp:4  | Reached skill level 15 in Shields
 44399 | Swamp:4  | Reached XP level 20. HP: 162/175 MP: 23/23
 45304 | Elf:1    | Entered Level 1 of the Elven Halls
 45304 | Elf:1    | Noticed Frances
 45336 | Orc:2    | Killed Frances
 45478 | Elf:1    | Noticed Jorgrun
 45487 | Elf:1    | Killed Jorgrun
 45522 | Elf:1    | Noticed Azrael
 45539 | Elf:1    | Killed Azrael
 45598 | Elf:1    | Found Saziong's Antique Weapon Shop.
 45650 | Elf:1    | Identified the +5 war axe of Inuy {freeze, Stlth+}
 45747 | Elf:1    | Noticed Lurir's ghost (journeyman KoHu)
 45750 | Elf:1    | Noticed Donald
 45751 | Abyss:2  | Cast into level 2 of the Abyss (a deep elf sorcerer)
 45924 | Abyss:2  | Noticed a bone dragon
 45943 | Abyss:2  | Killed a bone dragon
 46250 | Abyss:2  | Noticed a bone dragon
 46256 | Elf:1    | Escaped the Abyss
 46273 | Elf:1    | Killed Donald
 46278 | Elf:1    | Found a transporter.
 46284 | Elf:1    | Reached skill level 10 in Evocations
 46478 | Elf:1    | Found a portal to a secret trove of treasure.
 46529 | Elf:1    | Found a transporter.
 46587 | Elf:1    | Noticed a Hell Sentinel
 46832 | Elf:1    | Got the Folio of the Barrage
 47024 | Elf:2    | Identified the serpent talisman of Inviolability {rN+++
                  | MP+9 Dex-4 SInv}
 47024 | Elf:2    | Noticed Aizul
 47035 | Elf:2    | Killed Aizul
 47036 | Elf:2    | Reached XP level 21. HP: 123/182 MP: 24/24
 47157 | Elf:2    | Found a runed translucent gate.
 47157 | Elf:2    | Found a runed translucent gate.
 47157 | Elf:2    | Found a runed translucent gate.
 47245 | Elf:2    | Found Soghov's Weapon Shop.
 47799 | Elf:3    | Entered Level 3 of the Elven Halls
 47883 | Elf:3    | Found a runed translucent gate.
 47884 | Elf:3    | Found a runed translucent gate.
 47885 | Elf:3    | Found a runed translucent gate.
 48775 | Elf:3    | Noticed MrSquiggles's ghost (adept DECj)
 48775 | Elf:3    | Noticed AutarchDCSS's ghost (adept DjEE)
 49024 | Abyss:3  | Cast into level 3 of the Abyss (+0 scimitar of distortion)
 49059 | Abyss:4  | Found a corrupted altar of Lugonu.
 49497 | Abyss:4  | Noticed a bone dragon
 49517 | Abyss:4  | Killed a bone dragon
 49527 | Abyss:4  | Gained mutation: You occasionally shout uncontrollably at
                  | your foes. [a neqoxec]
 49603 | Elf:2    | Escaped the Abyss
 50133 | Elf:2    | Noticed Agnes
 50317 | Elf:2    | Killed Agnes
 50580 | Elf:3    | Reached XP level 22. HP: 182/185 MP: 25/25
 51065 | Elf:3    | Identified the +8 war axe of Vanity {freeze, Int+2}
 52696 | Elf:3    | Identified the +8 broad axe of Dishonour {elec, rElec rPois
                  | rC+ Stlth+}
 53153 | Elf:3    | Identified the +5 quarterstaff "Giantbane" {venom, rF+
                  | Int+7}
 53153 | Elf:3    | Identified the +2 leather armour "Raczacor" {Rampage rPois
                  | MP+9 Str+6}
 53621 | Elf:3    | Identified the +2 mace of Ivvawoqe {speed, rC+ rN+ rCorr
                  | Str-2}
 54234 | Elf:3    | Identified the +6 hand axe of Calamity {freeze, rPois}
 54759 | Elf:3    | Identified the +0 plate armour of the Shining Light {-Tele
                  | rN+ Will+ Dex+3}
 54764 | Elf:3    | Reached skill level 15 in Armour
 54801 | Elf:3    | Identified the +0 chain mail of Myl Qia {rN+ Int+3 Slay+3}
 54986 | Elf:3    | Identified the staff "Biddig" {rElec rC+ Hexes Air}
 55022 | Elf:3    | Found the +0 pair of fencer's gloves {Riposte Dex+3}
 55080 | Elf:3    | Acquired the ring "Guho" {rF+ rC+ rN+ Int+4}
 55410 | Vaults:1 | Entered Level 1 of the Vaults
 55582 | Vaults:1 | Identified the +8 arbalest "Ogre's Demise" {antimagic,
                  | +Blink Fly Int+2 Dex-4}
 55895 | Vaults:1 | Reached skill level 15 in Evocations
 55990 | Vaults:1 | Reached XP level 23. HP: 196/196 MP: 23/26
 56091 | Vaults:1 | Reached skill level 15 in Long Blades
 56840 | Vaults:1 | Acquired the ring "Ufesirer" {rElec rC++ rCorr Str+6}
 58299 | Vaults:3 | Identified the ring of Nuizxadgh {Will+ rCorr}
 58460 | Vaults:3 | Found a runed translucent gate.
 58460 | Vaults:3 | Found a runed translucent gate.
 58460 | Vaults:3 | Noticed Zumnang's ghost (adept KoEn)
 58460 | Vaults:3 | Noticed Qecvurom's ghost (adept DrRe)
 58460 | Vaults:3 | Noticed Qoas's ghost (adept GnCA)
 58461 | Vaults:3 | Found a runed translucent gate.
 59091 | Vaults:3 | Reached XP level 24. HP: 200/204 MP: 26/26
 59149 | Vaults:3 | Found a staircase to the Crypt.
 59149 | Vaults:3 | Found an ancient bone altar of Kikubaaqudgha.
 59149 | Vaults:3 | Found a basalt altar of Yredelemnul.
 59484 | Vaults:4 | Noticed Norris
 59509 | Vaults:4 | Killed Norris
 59515 | Vaults:4 | Reached skill level 10 in Necromancy
 60014 | Vaults:4 | Identified the +6 quarterstaff "Isepeqes" {heavy, rElec}
 60092 | Vaults:4 | Got the Elucidation of Meteoric Unhallowed Rites
 60895 | Depths:1 | Entered Level 1 of the Depths
 60903 | Depths:1 | Found a gateway to Hell.
 61449 | Depths:1 | Identified the ring "Jyntimmua" {rC+ Will+ Int+6} (You
                  | found it on level 1 of the Depths)
 61715 | Depths:1 | Found a one-way gate leading to the halls of Pandemonium.
 62317 | Depths:2 | Identified the +1 spear "Keatud" {drain, Str+3}
 62360 | Depths:2 | Found a runed translucent gate.
 62361 | Depths:2 | Found a runed translucent gate.
 62362 | Depths:2 | Found a runed translucent gate.
 62363 | Depths:2 | Noticed Cein's ghost (veteran DgCj)
 62519 | Depths:2 | Found Ybrak's Jewellery Shop.
 62520 | Depths:2 | Found Pasaa's Book Shoppe.
 62520 | Depths:2 | Found Aweamargh's Book Shoppe.
 62625 | Depths:2 | Learned a level 3 spell: Passwall
 62725 | Depths:3 | Reached skill level 1 in Earth Magic
 62923 | Depths:3 | Found a one-way gate to the infinite horrors of the Abyss.
 63029 | Depths:3 | Noticed a juggernaut
 63051 | Depths:3 | Killed a juggernaut
 63052 | Depths:3 | Reached XP level 25. HP: 210/210 MP: 24/27
 63210 | Depths:3 | Identified the +5 chain mail of the Beginning {rElec rN+}
 63323 | Depths:3 | Reached skill level 5 in Earth Magic
 63467 | Depths:3 | Learned a level 5 spell: Borgnjor's Vile Clutch
 63563 | Depths:2 | Noticed an ancient lich
 63639 | Depths:3 | Found an opulent altar of Gozag.
 64040 | Depths:3 | Killed an ancient lich
 64227 | Depths:2 | Identified the +5 battleaxe "Qobraose" {holy, Int+2}
 64285 | Depths:4 | Entered Level 4 of the Depths
 64581 | Depths:4 | Reached skill level 15 in Dodging
 65008 | Depths:4 | Found a gate to the Realm of Zot.
 65167 | Depths:4 | Noticed a caustic shrike
 65167 | Depths:4 | Noticed a caustic shrike
 65168 | Depths:4 | Noticed a caustic shrike
 65174 | Depths:4 | Killed a caustic shrike
 65181 | Depths:4 | Killed a caustic shrike
 65189 | Depths:4 | Killed a caustic shrike
 65898 | Vaults:5 | Entered Level 5 of the Vaults
 65907 | Vaults:5 | Reached XP level 26. HP: 191/218 MP: 25/27
 65913 | Vaults:5 | Noticed a dread lich
 65959 | Vaults:5 | Noticed an ancient lich
 65969 | Vaults:4 | Killed a dread lich
 66364 | Slime:1  | Entered Level 1 of the Pits of Slime
 66886 | Slime:2  | Gained mutation: Your flesh is cold resistant. (rC+) [a
                  | shining eye]
 67273 | Slime:3  | Gained mutation: You do not regenerate when monsters are
                  | visible. [a shining eye]
 67287 | Slime:3  | Lost mutation: Your flesh is cold resistant. (rC+) [potion
                  | of mutation]
 67287 | Slime:3  | Lost mutation: You occasionally shout uncontrollably at
                  | your foes. [potion of mutation]
 67287 | Slime:3  | Lost mutation: You do not regenerate when monsters are
                  | visible. [potion of mutation]
 67287 | Slime:3  | Gained mutation: You are frail. (-10% HP) [potion of
                  | mutation]
 67287 | Slime:3  | Gained mutation: Your system is resistant to poisons.
                  | (rPois) [potion of mutation]
 67287 | Slime:3  | Gained mutation: You passively map a small area around you.
                  | [potion of mutation]
 67400 | Slime:5  | Entered Level 5 of the Pits of Slime
 67471 | Slime:5  | Gained mutation: You are weak. (Str -2) [a shining eye]
 67516 | Slime:5  | Gained mutation: You are clumsy. (Dex -2) [a shining eye]
 67913 | Slime:4  | Gained mutation: You are very frail. (-20% HP) [a shining
                  | eye]
 67914 | Slime:4  | Gained mutation: You are vulnerable to heat. (rF-) [a
                  | shining eye]
 67917 | Slime:4  | Gained mutation: Your magical capacity is low. (-10% MP) [a
                  | shining eye]
 67931 | Slime:5  | Lost mutation: You are weak. (Str -2) [potion of mutation]
 67931 | Slime:5  | Lost mutation: You passively map a small area around you.
                  | [potion of mutation]
 67931 | Slime:5  | Gained mutation: Your spells are a little harder to cast,
                  | but a little more powerful. [potion of mutation]
 67990 | Slime:5  | Noticed the Royal Jelly
 68076 | Slime:5  | Killed the Royal Jelly
 68353 | Slime:5  | Identified the +7 shortbow "Iqivier" {flame, rPois rN+}
 68356 | Slime:5  | Identified the +2 short sword of Xeomexy {freeze, Int+3}
 68389 | Slime:5  | Got a slimy rune of Zot
 68390 | Slime:5  | Identified the ring of Dipole {Wiz MP+9}
 68391 | Slime:5  | Identified the +6 flail "Tedy" {flame, rF+ rN++ Int+3}
 68405 | Slime:5  | Got the Collected Works on Lithic Refrigeration
 68409 | Slime:5  | Got the Grimoire of Hexing Hypothermia
 68582 | Slime:2  | Gained mutation: You are very clumsy. (Dex -4) [a shining
                  | eye]
 68584 | Slime:2  | Gained mutation: You are weak. (Str -2) [a shining eye]
 68591 | Slime:3  | Reached skill level 5 in Throwing
 68686 | Slime:3  | Reached XP level 27. HP: 160/180 MP: 24/24
 68938 | Elf:1    | Killed Lurir's ghost
 68969 | Elf:1    | Lost mutation: You are very clumsy. (Dex -4) [potion of
                  | mutation]
 68969 | Elf:1    | Lost mutation: Your spells are a little harder to cast, but
                  | a little more powerful. [potion of mutation]
 68969 | Elf:1    | Lost mutation: Your magical capacity is low. (-10% MP)
                  | [potion of mutation]
 68969 | Elf:1    | Gained mutation: Your magical capacity is low. (-10% MP)
                  | [potion of mutation]
 68969 | Elf:1    | Gained mutation: You are extremely frail. (-30% HP) [potion
                  | of mutation]
 69234 | Vaults:3 | Killed Qecvurom's ghost
 69238 | Vaults:3 | Killed Zumnang's ghost
 69247 | Vaults:3 | Killed Qoas's ghost
 69257 | Vaults:3 | Identified the +0 hat "Ditsef" {rC+ Will+ Dex-5}
 69260 | Vaults:3 | Lost mutation: You are vulnerable to heat. (rF-) [potion of
                  | mutation]
 69260 | Vaults:3 | Lost mutation: You are clumsy. (Dex -2) [potion of
                  | mutation]
 69260 | Vaults:3 | Lost mutation: You are extremely frail. (-30% HP) [potion
                  | of mutation]
 69260 | Vaults:3 | Lost mutation: You are very frail. (-20% HP) [potion of
                  | mutation]
 69260 | Vaults:3 | Lost mutation: Your magical capacity is low. (-10% MP)
                  | [potion of mutation]
 70125 | Swamp:4  | Got a decaying rune of Zot
 70674 | D:15     | Found a staircase to the Depths.
 70949 | Zot:1    | Entered Level 1 of the Realm of Zot
 71355 | Zot:1    | Identified the +8 quarterstaff "Etiusuacs" {drain, Dex+6}
 71551 | Zot:1    | Noticed an orb of fire
 71556 | Zot:1    | Gained mutation: You have large cloven feet. [an orb of
                  | fire]
 71561 | Zot:1    | Gained mutation: You have hidden genetic defects. [an orb
                  | of fire]
 71564 | Zot:1    | Gained mutation: You occasionally lose the ability to read
                  | scrolls when taking damage. [an orb of fire]
 71567 | Zot:1    | Killed an orb of fire
 71736 | Zot:2    | Noticed Grunn
 71754 | Zot:2    | Killed Grunn
 72138 | Zot:3    | Gained mutation: Your body sometimes deteriorates upon
                  | taking damage. [hidden defects]
 72716 | Zot:3    | Noticed a dread lich
 72730 | Zot:3    | Noticed a dread lich
 72749 | Zot:3    | Killed a dread lich
 72758 | Zot:3    | Killed a dread lich
 73111 | Zot:3    | Gained mutation: You are clumsy. (Dex -2) [hidden defects]
 73111 | Zot:3    | Lost mutation: You have hidden genetic defects. [hidden
                  | defects expressed]
 73132 | Zot:3    | Noticed a dread lich
 73144 | Zot:3    | Killed a dread lich
 74309 | Zot:4    | Reached skill level 10 in Throwing
 74671 | Zot:4    | Noticed Parghit
 74802 | Zot:5    | Entered Level 5 of the Realm of Zot
 76089 | Zot:4    | Killed Parghit
 76722 | Zot:5    | Noticed a dread lich
 76743 | Zot:5    | Killed a dread lich
 76958 | Zot:5    | Killed a dread lich
 76985 | Zot:5    | Noticed a Killer Klown
 77019 | Zot:5    | Noticed a Killer Klown
 77026 | Zot:5    | Noticed an orb of fire
 77027 | Zot:5    | Noticed an orb of fire
 77031 | Zot:5    | Got the Orb of Zot
 77045 | Zot:5    | Killed a Killer Klown
 77065 | Zot:5    | Killed an ancient lich
 77194 | Zot:1    | Noticed Biuts the pandemonium lord
 77202 | Zot:1    | Killed Biuts the pandemonium lord
 77678 | D:$      | Escaped with the Orb!

Illustrated notes

Levels and vault maps discovered:
D:1:      giann_horns, layout_basic, shapermc_ecumenical_altar_hornbeckon,
          nrook_mini_vaults
D:2:      cheibrodos_old_hovel, layout_basic, serial_forest,
          infiniplex_forest_diagonal, infiniplex_forest_zigzag_1,
          infiniplex_forest_clump_small, infiniplex_forest_clump_small,
          infiniplex_forest_corner_1, infiniplex_forest_join,
          infiniplex_forest_clump_large, infiniplex_forest_corner_1,
          chequers_hall_statues_wall_a, uniq_robin
D:3:      gammafunk_steamed_eel, layout_basic, tso_metal_star,
          lemuel_round_altar, uniq_natasha
D:4:      kennysheep_goblin_castle, layout_loops_ring, lightli_temple_of_fire
D:5:      layout_loops_ring, mainiacjoe_overflow_swirl, uniq_menkaure
D:6:      kennysheep_kobold_camp, layout_basic, hangedman_ru_absence,
          bloody_trog, nzn_wu_jian_contemplation, lemuel_tele_altar,
          kennysheep_cluttered_room
D:7:      nicolae_cairo_tiling_very_big, layout_rooms,
          minmay_temple_entry_statues_fountains, uniq_prince_ribbit1, uniq_pikel
D:8:      layout_loops_cross, yredelemnul_forgotten_temple_becter,
          hellmonk_okawaru_the_only_friend_you_need, led_xom_imps, tgw_sif,
          lair_entry_dummy, enter_bailey_8, kennysheep_windowed_goal
D:9:      layout_basic, grunt_decor_junction, nicolae_figureground_sparkle
D:10:     layout_gridville, nicolae_overflow_crystal_walls,
          nicolae_uskayaw_dance_hall, gammafunk_ghost_wrathful_warriors,
          minmay_misc_feat_ornament, minmay_variable_closet,
          hangedman_decor_slide_cut
D:11:     minmay_tearing_corner, layout_loops_ring, chequers_mini_garden
D:12:     layout_basic, orc_0_dummy, uniq_sonja
D:13:     layout_rooms, laboratory
D:14:     layout_loops_ring, david_vaults_5, nicolae_tricolors
D:15:     grunt_enter_depths_giant_problem, layout_loops_cross,
          roderic_serpentine_path, serial_shops, nicolae_inconvenience_store
Lair:1:   layout_loops_ring, st_stairs_3, nicolae_quartered_pool_medium
Lair:2:   lemuel_reptile_caves, layout_gridlike,
          nicolae_swamp_entry_splash_gauntlet
Lair:3:   layout_long_grid, minmay_snake_entry_guardpost_medium,
          cheibrodos_lair_caveside_slide
Lair:4:   layout_gridlike, slime_entry_1, basic_altar
Lair:5:   wormcave, layout_gridlike, hangedman_lair_caniforms_friends,
          kennysheep_basilisk_garden, grunt_megastairs_4, uniq_nessos,
          uniq_josephine
Swamp:1:  layout_falls_marsh, evilmike_swamp_ruin_house_2, swamp_pool_1_2,
          infiniplex_staircase_pool
Swamp:2:  layout_basic_swamp, serial_swamp_ruin, evilmike_swamp_ruin_rubble_1,
          evilmike_swamp_ruin_rubble_2, uniq_louise, uniq_roxanne
Swamp:3:  layout_basic_swamp, evilmike_swamp_ruin_wall, uniq_mlioglotl
Swamp:4:  swamp_basic_johnstein, layout_basic_swamp, uniq_bai_suzhen, uniq_mara
Snake:1:  layout_misc_corridors
Snake:2:  layout_layer_cave
Snake:3:  layout_grid_shapes, grunt_megastairs_5, uniq_vashnia
Snake:4:  grunt_snake_rune_pools, layout_layer_cave, serial_shops,
          bzr_entry_road, shop, nicolae_shop_gibbet_a_chance
Slime:1:  layout_caves
Slime:2:  layout_caves
Slime:3:  layout_caves
Slime:4:  layout_caves
Slime:5:  slime_pit_nicolae_royal_road_to_ruin
Orc:1:    layout_caves
Orc:2:    st_orc_mages, layout_caves, portal_ice_cave_entry_pillars_2,
          uniq_snorg
Elf:1:    minmay_elf_arrival_circle, layout_geoelf_diagonals, serial_shops,
          nicolae_shop_window_shopping, nicolae_trove_entry_columns,
          gammafunk_ghost_arena, minmay_elf_sorcery, uniq_frances, uniq_azrael,
          uniq_jorgrun, uniq_donald
Elf:2:    elven_hall_of_blades_hangedman_original [mumra_blade_entry_dagger],
          layout_loops_corners, serial_shops, nicolae_take_the_stairs,
          st_stairs_1, uniq_aizul, uniq_agnes
Elf:3:    nooodl_elf_gasket, layout_onion_city, gammafunk_ghost_cemetery,
          st_stairs_11
Vaults:1: dpeg_vaults_monster_box, nicolae_vaults_network_s,
          nicolae_vaults_layer_cake_slice, vaults_room_boxed, v_alt_pattern_2,
          ontoclasm_vaults_gateway, grunt_vaults_twisty, v_misc_18,
          layout_vaults_quadrants
Vaults:2: grunt_vaults_focal, vaults_standard_mumra_x, grunt_vaults_swirl,
          nicolae_vaults_arrows, nicolae_vaults_network_periphery,
          nicolae_vaults_octothorpe, grunt_vaults_diagonal,
          nicolae_vaults_offset_grid_hallway_3, v_misc_27, v_rooms_4,
          nicolae_vaults_shelves_hall, nicolae_vaults_tetromino_L_2,
          layout_vaults_omnibox
Vaults:3: gammafunk_ghost_cemetery, hangedman_vaults_pinch, v_pattern_1,
          nicolae_vaults_tangram_1, minmay_crypt_entry_necro_gods,
          nicolae_vaults_wine_cellar, nicolae_vaults_frosty_reception,
          nicolae_vaults_shipping_containers_4, v_misc_25,
          nicolae_vaults_surprise_closet, layout_vaults_big_room
Vaults:4: v_alt_pattern_2, grunt_vaults_hallway_short, dpeg_vaults_monster_row,
          vaults_room_grid, vaults_room_hangedman_quadrants,
          vaults_room_semicircle, nicolae_vaults_offset_grid_hallway_3,
          nicolae_vaults_storage_room_water, v_misc_14,
          hangedman_vaults_corner_blocks, nicolae_vaults_trapezoid_lopsided_4,
          layout_vaults_ring, uniq_norris
Vaults:5
Depths:1: layout_cave_pools, enter_ziggurat_c, rand_demon_pan_entry_7,
          hell_entry, ice2_lemuel
Depths:2: minmay_skeletal_surprise, layout_small_grid, rand_demon_pan_entry_3,
          ebering_ghost_rock_garden, hangedman_tar_grid_catacomb,
          nicolae_lava_and_water, minmay_staircase_windowed_large,
          serial_bayou_shore_b, minmay_shop_grove
Depths:3: minmay_dotted_concentric_squares, layout_basic,
          rand_demon_pan_entry_1, nicolae_gozag_seed_capital,
          grunt_hell_entry_dis_mu, hangedman_abyss_entry_splay,
          hangedman_abyss_or_decor_passed
Depths:4: grunt_zot_entry_bicorn, layout_small_grid, hellmouth_1, pan_entry,
          chequers_serial_rivers_micro_a, abyss_entry
Zot:1:    layout_gridlike, hangedman_zot_decor_checkerboard, grunt_megastairs_3
Zot:2:    kennysheep_spiral_hall, layout_onion_interference, uniq_grunn
Zot:3:    hellmonk_paralyzer, layout_gridlike, hellmonk_formless_pools
Zot:4:    layout_basic, bh_zot_ikea_curve, uniq_parghit, uniq_josephina
Zot:5:    layout_basic

Skill      XL: |  1  2  3  4  5  6  7  8  9 10 11 12 13 14 15 16 17 18 19 20 21 22 23 24 25 26 27 |
---------------+----------------------------------------------------------------------------------+-----
Stealth        | 1 2 3 4 6 7 10 11 13 | 13.0
Short Blades   | 2 4 5 6 8 10 | 10.6
Hexes          | 3 5 6 7 8 |  8.0
Evocations     | 3 5 6 7 10 12 15 | 15.0
Fighting       | 3 6 10 12 14 16 19 20 24 | 24.0
Dodging        | 3 5 7 10 11 12 13 14 15 16 | 16.0
Armour         | 2 6 10 11 13 14 16 18 19 | 19.1
Necromancy     | 3 7 8 9 10 | 10.0
Throwing       | 3 4 5 10 | 10.0
Long Blades    | 6 10 13 14 17 18 20 22 24 | 24.3
Shields        | 8 15 19 20 21 | 21.1
Spellcasting   | 3 |  3.0
Earth Magic    | 4 8 |  8.0
Conjurations   | |  0.2
Translocations | |  2.6
Fire Magic     | |  0.3

Action                     |  1- 3 |  4- 6 |  7- 9 | 10-12 | 13-15 | 16-18 | 19-21 | 22-24 | 25-27 || total
---------------------------+-------+-------+-------+-------+-------+-------+-------+-------+-------++-------
  Melee: Falchion          |    58 |       |       |       |       |       |       |       |       ||    58
         Rapier            |     7 |    88 |   250 |    96 |       |       |       |       |       ||   441
         Unarmed           |       |     1 |       |       |       |       |       |       |       ||     1
         Short sword       |       |       |       |   544 |  1552 |  1195 |    26 |       |       ||  3317
         Double sword      |       |       |       |       |       |   614 |  1241 |  1157 |  1352 ||  4364
         Great sword       |       |       |       |       |       |       |       |       |   127 ||   127
   Fire: Sling             |    18 |       |       |       |       |       |       |       |       ||    18
  Throw: Dart              |     2 |       |     3 |     5 |    29 |     6 |     3 |     1 |       ||    49
         Throwing net      |       |       |       |       |       |       |     1 |     1 |     2 ||     4
   Cast: Foxfire           |    17 |    11 |       |       |       |       |       |       |       ||    28
         Confusing Touch   |       |       |     7 |     5 |     1 |       |       |       |       ||    13
         Fugue of the Fall |       |       |       |       |    10 |     3 |     1 |    31 |    29 ||    74
         Apportation       |       |       |       |       |       |       |       |     5 |       ||     5
 Invoke: Potion Petition   |       |       |       |       |       |     2 |     9 |     1 |     3 ||    15
         Bribe Branch      |       |       |       |       |       |       |       |       |     5 ||     5
Ability: Dig               |       |     1 |       |     2 |     7 |     5 |     3 |     3 |    10 ||    31
         Shaft Self        |       |       |       |       |       |     1 |       |       |       ||     1
  Evoke: Wand              |       |     4 |     5 |    11 |     8 |     6 |     7 |     4 |       ||    45
         Lightning rod     |       |       |       |       |       |     4 |     8 |     4 |       ||    16
         Box of beasts     |       |       |       |       |       |     1 |     3 |       |     1 ||     5
         Phial of floods   |       |       |       |       |       |       |     1 |       |       ||     1
         Condenser vane    |       |       |       |       |       |       |     2 |     1 |       ||     3
         Phantom mirror    |       |       |       |       |       |       |       |       |     1 ||     1
    Use: Potion            |       |     3 |     1 |     1 |     2 |       |    11 |       |     6 ||    24
         Scroll            |       |       |     6 |     5 |     7 |    14 |     5 |     4 |    17 ||    58
   Stab: Sleeping          |     1 |     5 |     7 |    25 |    20 |     1 |    12 |     2 |     1 ||    74
         Paralysed         |       |       |     2 |       |       |       |       |       |       ||     2
         Confused          |       |       |     1 |     2 |     1 |       |       |       |       ||     4
         Distracted        |       |       |     1 |     6 |    21 |    13 |    22 |     9 |    28 ||   100
         Invisible         |       |       |       |       |       |     5 |     3 |       |       ||     8
         Held in net/web   |       |       |       |       |       |       |     1 |     1 |       ||     2
 Armour: Leather armour    |    53 |    81 |   168 |       |       |       |       |       |       ||   302
         Skin              |       |     4 |       |       |       |       |       |       |       ||     4
         Ring mail         |       |       |     2 |   229 |   670 |       |       |    66 |       ||   967
         Plate armour      |       |       |       |       |       |  1513 |    78 |   188 |   581 ||  2360
         Scale mail        |       |       |       |       |       |       |   714 |    59 |       ||   773
         Gold dragon scale |       |       |       |       |       |       |       |       |    41 ||    41
  Dodge: Dodged            |    50 |    44 |   142 |   214 |   930 |   645 |   420 |   190 |   302 ||  2937
  Block: Tower shield      |       |       |       |       |       |   285 |  1397 |  1063 |  1476 ||  4221
Riposte: Double sword      |       |       |       |       |       |       |       |   264 |   465 ||   729
         Great sword       |       |       |       |       |       |       |       |       |    54 ||    54

Table legend: (Time is in decaauts)
 A = Elapsed time spent in this place.
 B = Non-inter-level travel time spent in this place.
 C = Inter-level travel time spent in this place.
 D = Time resting spent in this place.
 E = Time spent auto-exploring this place.
 F = Levels seen in this place.
 G = Mean time per level.
                   A        B        C        D        E       F      G
               +--------+--------+--------+--------+--------+-----+--------+
         Total |  75637 |  68021 |   7616 |  14422 |  34896 |  58 | 1304.1 |
       Dungeon |  20820 |  17753 |   3067 |   3394 |  10497 |  15 | 1388.0 |
          Lair |   6421 |   5598 |    823 |    362 |   3329 |   5 | 1284.2 |
         Swamp |   4945 |   4656 |    289 |   1070 |   2170 |   4 | 1236.2 |
     Snake Pit |   9426 |   8922 |    504 |   2203 |   4513 |   4 | 2356.5 |
    Slime Pits |   2295 |   2031 |    264 |    421 |    682 |   5 |  459.0 |
  Orcish Mines |   2281 |   2049 |    232 |    282 |   1076 |   2 | 1140.5 |
   Elven Halls |   8830 |   8509 |    321 |   3989 |   2608 |   3 | 2943.3 |
        Vaults |   6001 |   5134 |    867 |     63 |   3877 |   5 | 1200.2 |
        Depths |   5064 |   4411 |    653 |    460 |   2732 |   4 | 1266.0 |
           Zot |   6057 |   5465 |    592 |   1434 |   2433 |   5 | 1211.4 |
         Abyss |   1035 |   1035 |      0 |    237 |      0 |   3 |  345.0 |
        Bazaar |     62 |     62 |      0 |      0 |     44 |   1 |   62.0 |
        Bailey |   1016 |   1016 |      0 |    386 |    289 |   1 | 1016.0 |
      Ice Cave |   1379 |   1379 |      0 |    118 |    643 |   1 | 1379.0 |
               +--------+--------+--------+--------+--------+-----+--------+

Top non-repeatable levels by time:
   Elf:3: 5717 daAuts
 Snake:4: 3724 daAuts
     D:2: 2640 daAuts
 Snake:2: 2338 daAuts
 Snake:3: 2259 daAuts
   Zot:3: 2057 daAuts
    D:15: 1967 daAuts
   Elf:2: 1925 daAuts
     D:6: 1872 daAuts
 Swamp:4: 1856 daAuts
Vaults:1: 1800 daAuts
    D:11: 1796 daAuts
  Lair:5: 1677 daAuts
   Orc:2: 1650 daAuts
    D:14: 1566 daAuts
